cohdb
Replays
Latest Replays
All Replays
Popular Replays
Top Player Replays
Match Explorer
How It Works
Community
CoH3 Stats
Reddit
Sign in to upload your games and track your stats! →
Sign in with Steam
Match 46140520
Unlisted
Match 46140520
Overview
Messages
Build Orders
End
Construct Section Command Post
Vickers Machine Gun Team
Selects Australian Defense Battlegroup
Selects Australian Light Infantry Section
Australian Light Infantry Section
Vickers Machine Gun Team
Construct Platoon Command Post
Selects Defensive Tactics
Humber Armored Car
Infantry Section
Royal Engineer Section
Vickers Machine Gun Team
Selects CMP 15cwt Supply Run
Selects Reinforced Resource Caches
Construct Field Infirmary
Vickers Machine Gun Team
Royal Engineer Section
Selects Charged Creeping Barrage
Royal Engineer Section
Charged Creeping Barrage
Construct Company Command Post
Infantry Section
Royal Engineer Section
Unlock Towed 17-pounder Anti-tank Guns
donkarpiato
GibonG
SzymQ
tajfun_1337 presti#1
Kampfstärke
TacticalVanguard
Crazy Dog
Morsezeichen
0
0
Comments
sign in to comment!
No comments posted yet!